 Dungeon Crawl Stone Soup version 0.16.2-12-gd0ad4c3 (webtiles) character file.

4111 dvd the Blocker (level 10, -1/79 HPs)
             Began as a Formicid Fighter on Sept 19, 2015.
             Was a Priest of Elyvilon.
             Killed from afar by a manticore (6 damage)
             ... with a volley of spikes
             ... on level 11 of the Dungeon.
             The game lasted 00:55:03 (7050 turns).

dvd the Blocker (Formicid Fighter)                  Turns: 7050, Time: 00:55:03

Health: -1/79      AC: 15    Str: 25    XL:     10   Next: 51%
Magic:  16/16      EV: 10    Int:  7    God:    Elyvilon [***...]
Gold:   415        SH: 13    Dex: 13    Spells: 0 memorised, 9 levels left

rFire  . . .     SeeInvis +     a - +3 war axe (chop)
rCold  . . .     Clarity  .     I - +0 chain mail
rNeg   . . .     SustAb   .     c - +1 shield
rPois  .         Gourm    .     (helmet unavailable)
rElec  .         Spirit   .     A - +0 cloak {MR+}
rCorr  .         Warding  .     p - +2 pair of gloves {Dex+3}
rMut   .         Stasis   +     (no boots)
MR     ++...                    D - amulet of regeneration
Stlth  ..........               (no ring)
                                (no ring)

@: protection, manticore barbs, invisible, very resistant to hostile
enchantments, extremely unstealthy
A: permanent stasis, dig shafts and tunnels, four strong arms, antennae 3
a: Dig, Shaft Self, Lesser Healing, Divine Protection, Heal Other, Purification,
Renounce Religion


You were on level 11 of the Dungeon.
You worshipped Elyvilon.
Elyvilon was most pleased with you.
You were not hungry.

You visited 1 branch of the dungeon, and saw 9 of its levels.

You collected 415 gold pieces.

Inventory:

Hand weapons
 a - a +3 war axe of chopping (weapon)
 b - a +3 hunting sling of flaming
 k - a +0 glaive
 t - a +0 flail of protection
 v - a +1 hand axe of chopping
 G - a +0 hand axe of freezing
 H - a +1 hand axe of chopping
 O - a +3 flail
Missiles
 h - 18 steel sling bullets
 q - 5 sling bullets of flame
 C - 55 sling bullets
Armour
 c - a +1 shield (worn)
 p - a +2 pair of gloves of dexterity (worn)
 u - a +0 cloak
 A - a +0 cloak of magic resistance (worn)
 E - a +3 leather armour of fire resistance
 I - a +0 chain mail (worn)
 J - a +2 scale mail of cold resistance
Magical staves
 F - an uncursed staff of poison
Jewellery
 D - an amulet of regeneration (around neck)
Magical devices
 l - a wand of disintegration (9)
 n - a wand of digging (3)
 w - a wand of enslavement (24)
 x - a wand of digging (15)
 B - a wand of teleportation (4)
 K - a wand of flame (33)
 L - a wand of slowing (17)
Scrolls
 f - a scroll of immolation
 g - 7 scrolls of identify
 s - a scroll of magic mapping
Potions
 e - a potion of might
 z - a potion of restore abilities
 N - a potion of brilliance
Books
 y - a book of Enchantments

   Spells                             Type                      Level
   a - Tukima's Dance                 Hexes                        3
   b - Cause Fear                     Hexes                        4
   c - Silence                        Hexes/Air                    5
   d - Deflect Missiles               Charms/Air                   6
   e - Haste                          Charms                       6
   f - Discord                        Hexes                        8
Comestibles
 d - 4 bread rations
 i - 3 fruits
 j - 4 meat rations
 o - a beef jerky
 r - 4 slices of pizza
 M - 10 chunks of flesh


   Skills:
 + Level 7.6 Fighting
 + Level 6.9 Axes
 + Level 0.8(4.3) Maces & Flails
 + Level 3.5 Slings
 + Level 7.0 Armour
 + Level 5.0 Dodging
 + Level 2.2 Stealth
 + Level 8.7 Shields
 + Level 2.1 Invocations


You had 9 spell levels left.
You didn't know any spells.

Dungeon Overview and Level Annotations

Branches:
Dungeon (11/15)            Temple (0/1) D:5
   Lair: D:8-11         Orc: D:9-12

Altars:
Elyvilon

Shops:
D:8 :


Innate Abilities, Weirdness & Mutations

You are under a permanent stasis effect.
You can dig through walls and to a lower floor.
Your four strong arms can wield two-handed weapons with a shield.
You have a pair of large antennae on your head (SInv).


Message History

You block the manticore's attack. The manticore closely misses you.
The manticore flicks its tail.
The volley of spikes hits you!
The barbed spikes become lodged in your body.
* * * LOW HITPOINT WARNING * * *
You see here 5 needles of slowing.
The barbs in your skin will harm you if you move.
Continue?
Okay, then.
The ice beast disappears!
The manticore flicks its tail.
The volley of spikes hits you!
The barbed spikes become lodged in your body.
* * * LOW HITPOINT WARNING * * *
Drink which item? (? for menu, Esc to quit)
It was a potion of invisibility.
You fade into invisibility!
The manticore flicks its tail.
The volley of spikes hits you!
The barbed spikes become lodged in your body.
You die...

##.## ##...# #
.... #. ...
.... #.#
#.#.#.#### ###
#......H.# ...
. ###..#ยง#.##
... .
#(.^.^.@#######
#.# #
#..#^#....)...#
#.###
#......######.#
#.#.. #.##.###
#.# #.#.#
#....#
#.######....
######
#...........
########...)
#.### #.# #


You could see a manticore.

Vanquished Creatures
  Maurice (D:8)
  Joseph (D:7)
  The ghost of Aelig the Changer, an experienced OpTm (D:7)
  Prince Ribbit (D:8)
  Eustachio (D:6)
  A hippogriff (D:7)
  Menkaure (D:6)
  An orc warrior (D:6)
  An ice beast (D:6)
  5 ogres
  A phantom (D:7)
  Sigmund (D:3)
  Duvessa (D:8)
  A crocodile (D:8)
  2 giant frogs
  8 killer bees (D:8)
  A scorpion (D:4)
  A jelly (D:7)
  4 wights (D:8)
  Dowan (D:8)
  A goliath beetle (D:6)
  A hound (D:5)
  2 crimson imps
  5 orc priests
  6 orc wizards
  An iguana (D:6)
  A giant frog skeleton (D:6)
  5 worker ants
  Natasha (thrice) (D:6)
  Ijyb (D:2)
  Jessica (D:3)
  A hound zombie (D:8)
  A shadow imp (D:6)
  8 adders
  4 worms
  An ufetubus (D:6)
  An adder skeleton (D:8)
  3 giant geckos
  4 oozes
  30 orcs
  9 bats
  A bat skeleton (D:5)
  3 giant cockroaches
  13 hobgoblins
  6 jackals
  3 ball pythons
  A giant gecko skeleton (D:6)
  8 giant newts
  7 goblins
  12 kobolds
  A quokka (D:3)
  A quokka zombie (D:5)
  11 rats
191 creatures vanquished.

Vanquished Creatures (others)
  A kobold (D:2)
1 creature vanquished.

Grand Total: 192 creatures vanquished

Notes
Turn   | Place    | Note
--------------------------------------------------------------
     0 | D:1      | dvd, the Formicid Fighter, began the quest for the Orb.
     0 | D:1      | Reached XP level 1. HP: 18/18 MP: 1/1
   177 | D:1      | Reached XP level 2. HP: 24/24 MP: 3/3
   489 | D:1      | Reached XP level 3. HP: 29/29 MP: 4/4
   614 | D:2      | Found a white marble altar of Elyvilon.
   620 | D:2      | Became a worshipper of Elyvilon the Healer
   987 | D:2      | Reached skill level 4 in Shields
  1026 | D:2      | Reached XP level 4. HP: 29/37 MP: 5/5
  1119 | D:2      | Noticed Ijyb
  1211 | D:2      | Killed Ijyb
  1211 | D:2      | Reached skill level 1 in Dodging
  1790 | D:3      | Reached XP level 5. HP: 36/42 MP: 7/7
  1956 | D:3      | Noticed Jessica
  1964 | D:3      | Killed Jessica
  2123 | D:3      | Noticed Sigmund
  2140 | D:3      | Killed Sigmund
  2140 | D:3      | Reached XP level 6. HP: 37/48 MP: 8/8
  2280 | D:3      | Acquired Elyvilon's first power
  3014 | D:4      | Reached skill level 5 in Shields
  3333 | D:4      | Acquired Elyvilon's second power
  3340 | D:4      | Reached XP level 7. HP: 52/55 MP: 9/9
  3431 | D:5      | Entered Level 5 of the Dungeon
  3431 | D:5      | Found a staircase to the Ecumenical Temple.
  3596 | D:5      | Reached skill level 5 in Armour
  3863 | D:5      | Reached skill level 1 in Invocations
  3865 | D:5      | Reached XP level 8. HP: 53/61 MP: 10/12
  3938 | D:6      | Noticed Natasha
  3944 | D:6      | Killed Natasha
  4018 | D:6      | Noticed Natasha
  4021 | D:6      | Killed Natasha
  4080 | D:6      | Noticed Natasha
  4085 | D:6      | Killed Natasha
  4311 | D:6      | Noticed Menkaure
  4328 | D:6      | You fall through a shaft for 2 floors!
  4386 | D:8      | Reached skill level 5 in Fighting
  4398 | D:8      | Noticed Maurice
  4483 | D:7      | Reached skill level 1 in Stealth
  4645 | D:7      | Reached skill level 6 in Shields
  4937 | D:7      | Noticed Joseph
  4941 | D:7      | Reached XP level 9. HP: 62/69 MP: 14/14
  4951 | D:7      | Killed Joseph
  4951 | D:7      | Reached skill level 5 in Axes
  4951 | D:7      | Reached skill level 7 in Shields
  5166 | D:7      | Noticed Aelig's ghost (experienced OpTm)
  5171 | D:7      | Killed Aelig's ghost
  5246 | D:7      | Found a staircase to the Ecumenical Temple.
  5666 | D:6      | You fall through a shaft for 2 floors!
  5666 | D:8      | Acquired Elyvilon's third power
  5867 | D:6      | Killed Menkaure
  5978 | D:6      | Noticed Eustachio
  5987 | D:6      | Killed Eustachio
  6208 | D:8      | Found Duazyng's Book Shop.
  6233 | D:8      | Killed Maurice
  6233 | D:8      | Reached skill level 1 in Slings
  6233 | D:8      | Reached skill level 8 in Shields
  6233 | D:8      | Reached XP level 10. HP: 79/79 MP: 16/16
  6447 | D:8      | Noticed Prince Ribbit
  6467 | D:8      | Killed Prince Ribbit
  6676 | D:8      | Noticed Duvessa
  6676 | D:8      | Noticed Dowan
  6699 | D:8      | Killed Duvessa
  6704 | D:8      | Killed Dowan
  6818 | D:8      | Noticed a queen bee
  6837 | D:8      | Reached skill level 5 in Dodging
  6852 | D:8      | You fall through a shaft for 3 floors!
  7034 | D:11     | Noticed a manticore
  7050 | D:11     | Killed from afar by a manticore

Action                   |  1- 3 |  4- 6 |  7- 9 | 10-12 || total
-------------------------+-------+-------+-------+-------++-------
Melee: War axe           |   102 |   162 |   274 |   146 ||   684
       Unarmed           |       |     2 |       |       ||     2
       Hand axe          |       |    13 |       |       ||    13
       Falchion          |       |     3 |       |       ||     3
       Flail             |       |       |     6 |       ||     6
 Fire: Hunting sling     |       |       |    18 |    21 ||    39
Invok: Lesser Healing    |       |     1 |       |       ||     1
       Heal Other        |       |       |     6 |     1 ||     7
       Divine Protection |       |       |       |     2 ||     2
 Abil: Dig               |       |       |     3 |       ||     3
       Shaft Self        |       |       |     2 |     1 ||     3
  Use: Scroll            |       |     5 |    10 |       ||    15
       Potion            |       |       |     6 |     1 ||     7
  Eat: Chunk             |     1 |     7 |     8 |     3 ||    19
       Bread ration      |       |       |     1 |       ||     1
       Meat ration       |       |       |     1 |       ||     1
